 Dungeon Crawl Stone Soup version 0.17.0 (webtiles) character file.

1301 Eucla the Chopper (level 8, 0/51 HPs)
             Began as a Tengu Berserker on Nov 16, 2015.
             Was a Priest of Trog.
             Succumbed to Crazy Yiuf's poison
             ... on level 6 of the Dungeon.
             The game lasted 00:05:21 (4961 turns).

Eucla the Chopper (Tengu Berserker)                 Turns: 4961, Time: 00:05:21

Health: 0/51       AC: 10    Str: 18    XL:     8   Next: 57%
Magic:  18/18      EV: 13    Int:  7    God:    Trog [***...]
Gold:   188        SH:  0    Dex: 16    Spells: 0 memorised, 7 levels left

rFire  + . .     SeeInvis .     a - +0 hand axe
rCold  . . .     Clarity  .     e - +0 scale mail
rNeg   . . .     SustAt   .     (no shield)
rPois  .         Gourm    .     (helmet restricted)
rElec  .         Spirit   .     w - +0 cloak
rCorr  .         Warding  .     s - +0 pair of gloves
rMut   .         Stasis   .     (boots unavailable)
MR     .....                    (no amulet)
Stlth  ..........               t - ring of magical power (curse)
                                z - ring of protection from fire

@: lethally poisoned (0 -> -5), exhausted, slowed, very slow, not resistant to
hostile enchantments, extremely unstealthy
A: beak, talons 3, able to fly 1
a: Fly, Berserk, Trog's Hand, Burn Spellbooks, Renounce Religion


You were on level 6 of the Dungeon.
You worshipped Trog.
Trog was most pleased with you.
You were very hungry.

You visited 1 branch of the dungeon, and saw 6 of its levels.

You collected 188 gold pieces.

Inventory:

Hand Weapons
 a - a +0 hand axe (weapon)
Armour
 b - a +0 animal skin
 e - a +0 scale mail (worn)
 s - a +0 pair of gloves (worn)
 w - a +0 cloak (worn)
Jewellery
 r - an uncursed ring of flight
 t - a cursed ring of magical power (right hand)
 z - a ring of protection from fire (left hand)
Scrolls
 f - a scroll of magic mapping {unknown}
 h - 4 scrolls of identify {unknown}
 i - a scroll of teleportation {unknown}
 j - a scroll of amnesia {unknown}
 l - a scroll of immolation {unknown}
 q - a scroll of fog {unknown}
 u - 3 scrolls of remove curse {unknown}
 v - a scroll of blinking {unknown}
 y - a scroll of noise {unknown}
 C - a scroll of random uselessness {unknown}
 D - a scroll of enchant weapon {unknown}
Potions
 d - a potion of flight {unknown}
 g - a potion of agility {unknown}
 k - a potion of degeneration {unknown}
 m - a potion of mutation {unknown}
 n - a potion of might {unknown}
 p - 2 potions of poison {unknown}
 A - a potion of curing {unknown}
Comestibles
 c - 2 bread rations
 o - 2 meat rations
 x - a beef jerky
 B - 5 fruits
 E - 4 chunks of flesh


   Skills:
 + Level 5.7 Fighting
 + Level 6.4 Axes
 + Level 6.2 Armour
 + Level 5.8 Dodging


You had 7 spell levels left.
You didn't know any spells.

Dungeon Overview and Level Annotations

Branches:
Dungeon (6/15)
 Temple: D:4-7

Altars:
Ashenzari
Elyvilon
Gozag
Nemelex Xobeh
Okawaru
Ru
Vehumet


Innate Abilities, Weirdness & Mutations

You have a beak for a mouth.
You have claws for feet.
You can fly.


Message History

Unknown command.
You hit Crazy Yiuf.
You kill Crazy Yiuf!
Trog accepts your kill.
Unknown command.
You are too berserk!
* * * LOW HITPOINT WARNING * * *
You feel sick.
Things that are here:
a quarterstaff of chaos; an embroidered cloak; the gnoll corpse of Crazy Yiuf Unknown command.
You feel a strong urge to attack something.
Unknown command.
Unknown command.
You feel your anger subside.
You are no longer berserk.
You are exhausted.
You feel yourself slow down.
You are feeling very hungry.
You die...

####..# ♣♣...♣ #..##.#
♣♣.♣♣ #.....# ♣♣.♣ #.....#
♣.♣♣ #.....# ♣♣.♣ #.....#
♣.♣♣ #.....# ##)## ##....#
#...# #.#...# #..@# #.....#
#)..# #.....# ##### ##
#.....# #.
#.....###########.# ..#
#.................. #...
#.................. ##...
#.....#...###......####...#
#.....#..## #....##...#


There were no monsters in sight!

Vanquished Creatures
  The ghost of craggadee the Basher, a novice MiBe of Trog (D:4)
  Grinder (D:6)
  A centaur (D:3)
  A scorpion (D:4)
  2 crimson imps
  A giant frog zombie (D:5)
  A jelly (D:4)
  A hound (D:6)
  Crazy Yiuf (D:6)
  A giant frog skeleton (D:4)
  An orc priest (D:5)
  2 iguanas (D:5)
  3 orc wizards
  A gnoll (D:1)
  8 adders
  An ooze (D:4)
  An adder skeleton (D:4)
  An adder zombie (D:6)
  3 worms
  4 giant geckos
  13 orcs
  A ball python (D:2)
  4 giant cockroaches
  4 hobgoblins
  10 kobolds
  4 quokkas
  7 bats
  6 giant newts
  3 goblins (D:2)
  7 jackals
  A quokka zombie (D:3)
  3 rats
99 creatures vanquished.

Notes
Turn   | Place    | Note
--------------------------------------------------------------
     0 | D:1      | Eucla the Tengu Berserker began the quest for the Orb.
     0 | D:1      | Reached XP level 1. HP: 14/14 MP: 2/2
    27 | D:1      | Reached XP level 2. HP: 12/19 MP: 3/3
   437 | D:1      | Reached XP level 3. HP: 15/23 MP: 4/4
   557 | D:1      | Reached ** piety under Trog
  1375 | D:2      | Reached XP level 4. HP: 17/28 MP: 5/5
  1459 | D:2      | Reached skill level 4 in Axes
  1740 | D:2      | Found an opulent altar of Gozag.
  1741 | D:2      | Found a sparkling altar of Nemelex Xobeh.
  1913 | D:3      | Found a shattered altar of Ashenzari.
  1961 | D:3      | Gained mutation: You can fly. [Tengu growth]
  1961 | D:3      | Reached XP level 5. HP: 27/32 MP: 6/6
  2000 | D:3      | Noticed a centaur
  2010 | D:3      | Killed a centaur
  2371 | D:3      | Reached *** piety under Trog
  2785 | D:3      | Found a sacrificial altar of Ru.
  2817 | D:3      | Reached XP level 6. HP: 38/38 MP: 7/7
  3012 | D:4      | Found an iron altar of Okawaru.
  3043 | D:4      | Noticed craggadee's ghost (novice MiBe)
  3054 | D:4      | Killed craggadee's ghost
  3054 | D:4      | Reached skill level 5 in Axes
  3054 | D:4      | Reached skill level 5 in Armour
  3054 | D:4      | Reached XP level 7. HP: 31/44 MP: 8/8
  3311 | D:4      | Reached skill level 5 in Dodging
  3793 | D:5      | Entered Level 5 of the Dungeon
  3819 | D:5      | Found a white marble altar of Elyvilon.
  3852 | D:5      | Reached XP level 8. HP: 44/48 MP: 9/9
  3999 | D:5      | Reached skill level 5 in Fighting
  4549 | D:5      | Reached skill level 6 in Axes
  4594 | D:5      | Found a radiant altar of Vehumet.
  4734 | D:6      | Noticed Grinder
  4753 | D:6      | Killed Grinder
  4944 | D:6      | Noticed Crazy Yiuf
  4954 | D:6      | HP: 2/50 [Crazy Yiuf/quarterstaff of chaos (2)]
  4957 | D:6      | Killed Crazy Yiuf
  4961 | D:6      | Succumbed to Crazy Yiuf's poison

Action                   |  1- 3 |  4- 6 |  7- 9 || total
-------------------------+-------+-------+-------++-------
Melee: Hand axe          |    85 |   110 |   163 ||   358
Invok: Berserk           |     2 |       |     2 ||     4
       Burn Spellbooks   |       |     1 |       ||     1
       Trog's Hand       |       |       |     2 ||     2
  Eat: Chunk             |     3 |     5 |     7 ||    15
       Pizza             |       |       |     1 ||     1
